 Dungeon Crawl Stone Soup version 0.15.2 (webtiles) character file.

6545 bullock the Thaumaturge (level 11, -6/75 HPs)
             Began as an Octopode Wizard on Nov 28, 2014.
             Was a Priest of Sif Muna.
             Mangled by a yak (14 damage)
             ... on Level 10 of the Dungeon.
             The game lasted 01:00:56 (17019 turns).

bullock the Thaumaturge (Octopode Wizard)          Turns: 17019, Time: 01:00:56

HP  -6/75        AC  2     Str  6      XL: 11   Next:  1%
MP   3/27        EV 26     Int 25      God: Sif Muna [***...]
Gold 219         SH  0     Dex 18      Spells:  8 memorised,  3 levels left

rFire  + . .     SeeInvis .     K - melded +3 dagger
rCold  . . .     Clarity  .     C - melded +2 buckler (curse)
rNeg   . . .     rCorr    .     b - melded +0 hat
rPois  x         rRot     .     e - amulet of the gourmand
rElec  .         Spirit   .     u - ring of wizardry
SustAb .         Warding  .     v - ring of protection from fire
rMut   .         Stasis   .     a - +3 ring of dexterity
Gourm  +                        (no ring)
MR     .....                    (no ring)
                                (no ring)
                                (no ring)
                                (no ring)

@: spider-form, repel missiles, not resistant to hostile enchantments, fairly
stealthy
A: almost no armour, amphibious, 8 rings, (constrict 8), (camouflage 0),
(gelatinous body 0)
a: End Transformation, Channel Energy, Forget Spell, Renounce Religion


You were on level 10 of the Dungeon.
You worshipped Sif Muna.
Sif Muna was most pleased with you.
You were very full.
You were in spider-form.
You visited 2 branches of the dungeon, and saw 11 of its levels.
You also visited: Sewer.

You collected 430 gold pieces.
You spent 211 gold pieces at shops.

Inventory:

Hand weapons
 K - a +3 dagger (melded)
Armour
 b - a +0 hat (melded)
 C - a cursed +2 buckler (melded)
Magical devices
 B - a wand of teleportation (4)
 G - a wand of cold (6)
 J - a wand of heal wounds (4)
 O - a wand of frost (15) {unknown}
Comestibles
 d - 3 bread rations
 r - 5 meat rations
 w - 7 fruits
Scrolls
 f - 4 scrolls of blinking
 i - 2 scrolls of enchant weapon
 j - 6 scrolls of remove curse
 p - a scroll of recharging {unknown}
 q - 5 scrolls of amnesia
 t - 2 scrolls of fear
 y - a scroll of immolation {unknown}
 A - 5 scrolls of teleportation
 F - 2 scrolls of identify
 H - a scroll of brand weapon {unknown}
 M - a scroll of holy word {unknown}
Jewellery
 a - a +3 ring of dexterity (on tentacle)
 e - an amulet of the gourmand (around neck)
 u - a ring of wizardry (left front leg)
 v - a ring of protection from fire (right front leg)
 I - an uncursed ring of fire
Potions
 g - a potion of haste {unknown}
 h - 5 potions of might {unknown}
 k - 4 potions of confusion {unknown}
 l - a potion of agility {unknown}
 m - 4 potions of heal wounds {unknown}
 n - 5 potions of flight {unknown}
 o - 2 potions of brilliance {unknown}
 s - 2 potions of cancellation {unknown}
 x - 2 potions of magic {unknown}
 D - 3 potions of curing
 L - a potion of berserk rage {unknown}
 N - 2 potions of restore abilities {unknown}
Books
 c - a book of Minor Magic

   Spells                             Type                      Level
   *Magic Dart                        Conjuration                  1
   *Blink                             Translocation                2
   Call Imp                           Summoning                    2
   *Repel Missiles                    Charms/Air                   2
   Slow                               Hexes                        2
   *Conjure Flame                     Conjuration/Fire             3
   *Mephitic Cloud                    Conjuration/Poison/Air       3
 z - a book of Envenomations

   Spells                             Type                      Level
   *Spider Form                       Transmutation/Poison         3
   Alistair's Intoxication            Transmutation/Poison         4
   Olgreb's Toxic Radiance            Poison                       4
   Poisonous Cloud                    Conjuration/Poison/Air       6
 E - a book of Power

   Spells                             Type                      Level
   *Fulminant Prism                   Conjuration/Hexes            4
   Iskenderun's Mystic Blast          Conjuration                  4
   *Venom Bolt                        Conjuration/Poison           5
   Bolt of Magma                      Conjuration/Fire/Earth       5
   Iron Shot                          Conjuration/Earth            6
   Orb of Destruction                 Conjuration                  7
 P - a book of the Tempests

   Spells                             Type                      Level
   Static Discharge                   Conjuration/Air              3
   Lightning Bolt                     Conjuration/Air              5
   Fireball                           Conjuration/Fire             5
   Tornado                            Air                          9
   Shatter                            Earth                        9


   Skills:
 * Level 7.1 Fighting
 * Level 7.3 Dodging
 - Level 3.8 Stealth
 - Level 2.6 Shields
 + Level 8.1 Spellcasting
 - Level 5.2 Conjurations
   Level 1.0 Summonings
 - Level 2.1 Translocations
 - Level 5.3 Transmutations
 * Level 4.4 Poison Magic
 + Level 3.2 Invocations


You had 3 spell levels left.
You knew the following spells:

 Your Spells              Type           Power        Failure   Level  Hunger
a - Magic Dart            Conj           ####         1%          1    None
e - Fulminant Prism       Conj/Hex       ###.......   17%         4    ##.....
f - Conjure Flame         Conj/Fire      ###.....     9%          3    None
q - Blink                 Tloc           N/A          6%          2    None
r - Mephitic Cloud        Conj/Pois/Air  ####....     7%          3    None
v - Repel Missiles        Chrm/Air       ##....       10%         2    None
w - Spider Form           Trmt/Pois      ####......   4%          3    None
z - Venom Bolt            Conj/Pois      ####......   22%         5    ####...


Dungeon Overview and Level Annotations

Branches:
Dungeon (10/15)            Temple (1/1) D:4            Lair (0/8) D:10
    Orc: D:9-12

Altars:
Ashenzari
Cheibriados
Dithmenos
Elyvilon
Fedhas
Kikubaaqudgha
Makhleb
Nemelex Xobeh
Okawaru
Qazlal
Sif Muna
Trog
Vehumet
Xom
Yredelemnul
Zin
The Shining One

Shops:
D:5 :*[   D:6 (   D:8 *


Innate Abilities, Weirdness & Mutations

You cannot wear most types of armour.
You are amphibious.
You can wear up to eight rings at the same time.
((You can use your tentacles to constrict many enemies at once.))
((Your skin changes colour to match your surroundings (Stealth).))
((Your rubbery body absorbs attacks (AC +1).))


Message History

Casting: Blink
Confirm with . or Enter, or press ? or * to list all spells.
You blink.
The yak gores you!
* * * LOW HITPOINT WARNING * * *
The necrophage hits you.
* * * LOW HITPOINT WARNING * * *
Casting: Blink
Confirm with . or Enter, or press ? or * to list all spells.
You blink.
Casting: Blink
Confirm with . or Enter, or press ? or * to list all spells.
Aiming: Magic Dart
Press: ? - help, Shift-Dir - straight line, f - giant gecko
Aim: a giant gecko (clinging)
The magic dart hits the giant gecko.
The giant gecko is lightly wounded.
Casting: Magic Dart
Confirm with . or Enter, or press ? or * to list all spells.
You blink.
The giant gecko misses you. The yak gores you!
You die...

.. #...##.# .##......#
.# ..#......#### #.#
.>.#.<.....##..# .###
..#.>......#.# .....
#.#..........#
#......#...........##
#..§l.........#
#...#sY...(...####
#..##nY..........#
#..###..g......##.....
....#................!
.......#...).)>..###...
...$###.>.......# ...
#....%....# .
#...........#
#.#(.......##


You could see 2 yaks, a necrophage, a giant gecko and a hobgoblin.

Vanquished Creatures
  A komodo dragon (D:7)
  Grinder (D:6)
  2 trolls
  Prince Ribbit (D:7)
  2 yaks (D:10)
  A hill giant zombie (D:10)
  A hippogriff (D:8)
  A steam dragon (D:7)
  2 water moccasins
  A sky beast (D:5)
  4 ogres
  6 centaurs
  2 phantoms
  A necrophage (D:9)
  Sigmund (D:3)
  Duvessa (D:7)
  10 big kobolds
  2 jellies
  6 giant frogs
  A troll skeleton (D:8)
  A killer bee (D:8)
  7 wights
  5 crimson imps
  Dowan (D:7)
  2 goliath beetles (D:6)
  5 iguanas
  4 orc priests
  5 hounds
  A gnoll shaman (D:4)
  9 worker ants
  8 orc wizards
  A hound zombie (D:9)
  Terence (D:3)
  A mummy (D:8)
  15 adders
  A steam dragon zombie (D:9)
  A shadow imp (D:7)
  A white imp (D:4)
  16 gnolls
  A green rat (D:5)
  An inept item mimic (D:9)
  3 giant mites
  3 worms
  9 giant geckos
  An ooze (D:3)
  46 orcs
  14 bats
  A bat skeleton (D:4)
  13 goblins
  18 hobgoblins
  19 jackals
  36 kobolds
  9 quokkas
  5 ball pythons
  7 giant cockroaches
  8 giant newts
  A giant newt skeleton (D:5)
  A goblin skeleton (D:4)
  2 goblin zombies
  3 hobgoblin zombies
  A kobold skeleton (D:4)
  A kobold zombie (D:4)
  An orc skeleton (D:4)
  2 orc zombies (D:4)
  23 rats
  3 plants (Sewer)
364 creatures vanquished.

Vanquished Creatures (others)
  4 fulminant prisms
4 creatures vanquished.

Grand Total: 368 creatures vanquished

Notes
Turn   | Place    | Note
--------------------------------------------------------------
     0 | D:1      | bullock, the Octopode Wizard, began the quest for the Orb.
     0 | D:1      | Reached XP level 1. HP: 11/11 MP: 4/4
   120 | D:1      | Reached XP level 2. HP: 15/17 MP: 3/6
   337 | D:1      | Learned a level 2 spell: Blink
   340 | D:1      | Learned a level 2 spell: Repel Missiles
   754 | D:2      | Reached XP level 3. HP: 21/21 MP: 1/8
  1137 | D:2      | Found a burning altar of Makhleb.
  1272 | D:2      | Reached XP level 4. HP: 25/27 MP: 8/10
  1732 | D:3      | Learned a level 3 spell: Conjure Flame
  2513 | D:3      | Noticed Terence
  2558 | D:3      | Killed Terence
  2558 | D:3      | Reached skill level 4 in Spellcasting
  2858 | D:3      | Reached XP level 5. HP: 31/31 MP: 7/13
  3002 | D:3      | Noticed Sigmund
  3008 | D:3      | Learned a level 3 spell: Mephitic Cloud
  3014 | D:3      | Killed Sigmund
  3160 | D:3      | Found a sparkling altar of Nemelex Xobeh.
  3175 | D:3      | Found a deep blue altar of Sif Muna.
  3178 | D:3      | Became a worshipper of Sif Muna the Loreminder
  3358 | D:3      | Reached XP level 6. HP: 36/36 MP: 0/15
  3946 | D:4      | Found a glowing golden altar of the Shining One.
  4141 | D:4      | Found a snail-covered altar of Cheibriados.
  4219 | D:4      | Reached skill level 5 in Spellcasting
  4219 | D:4      | Reached skill level 5 in Conjurations
  4219 | D:4      | Reached XP level 7. HP: 31/41 MP: 7/18
  4782 | D:4      | Acquired Sif Muna's first power
  4976 | D:4      | Learned a level 3 spell: Spider Form
  5092 | D:4      | Reached skill level 1 in Transmutations
  5802 | D:4      | Found a staircase to the Ecumenical Temple.
  5813 | Temple   | Entered the Ecumenical Temple
  6474 | D:4      | Reached XP level 8. HP: 24/46 MP: 11/20
  6803 | D:5      | Entered Level 5 of the Dungeon
  6813 | D:5      | Reached skill level 6 in Spellcasting
  6894 | D:5      | Found Poniac's General Store.
  6907 | D:5      | Bought a scroll of identify for 30 gold pieces
  6907 | D:5      | Bought a scroll of identify for 30 gold pieces
  6907 | D:5      | Bought a scroll of identify for 30 gold pieces
  6907 | D:5      | Bought a scroll of teleportation for 45 gold pieces
  6917 | D:5      | Acquired Sif Muna's second power
  7120 | D:5      | Found a stormy altar of Qazlal.
  7253 | D:5      | Found a glowing drain.
  7257 | Sewer    | Entered a sewer
  8198 | D:5      | Found Kliwar's Book Emporium.
  8383 | D:5      | Found Awudupodast's Antique Armour Boutique.
  8394 | D:5      | Bought a runed buckler for 76 gold pieces
  8704 | D:6      | Reached skill level 1 in Shields
  8704 | D:6      | Reached skill level 5 in Transmutations
  9736 | D:6      | Noticed Grinder
  9736 | D:6      | Paralysed by Grinder for 4 turns
  9747 | D:6      | Killed Grinder
  9747 | D:6      | Reached XP level 9. HP: 49/54 MP: 14/23
  9748 | D:6      | Reached skill level 7 in Spellcasting
  9762 | D:6      | Found a blossoming altar of Fedhas.
  9762 | D:6      | Found Ixid Troa's Antique Weapon Boutique.
 10006 | D:6      | Found a bloodstained altar of Trog.
 11087 | D:7      | Noticed Prince Ribbit
 11102 | D:7      | Killed Prince Ribbit
 11102 | D:7      | Reached skill level 5 in Dodging
 12343 | D:7      | Reached skill level 5 in Fighting
 12343 | D:7      | Reached XP level 10. HP: 64/66 MP: 21/25
 12501 | D:7      | Found a bloodstained altar of Trog.
 12533 | D:7      | Noticed Dowan
 12535 | D:7      | Noticed Duvessa
 12550 | D:7      | Killed Duvessa
 12550 | D:7      | Reached skill level 1 in Invocations
 12558 | D:7      | Killed Dowan
 13376 | D:8      | Learned a level 4 spell: Fulminant Prism
 13384 | D:8      | Learned a level 5 spell: Venom Bolt
 13443 | D:8      | Found Aruuphur's General Store.
 13610 | D:8      | Found a white marble altar of Elyvilon.
 13791 | D:8      | Reached skill level 1 in Poison Magic
 15674 | D:9      | Reached skill level 8 in Spellcasting
 16933 | D:10     | Entered Level 10 of the Dungeon
 16998 | D:10     | Found a staircase to the Lair.
 17011 | D:10     | Reached XP level 11. HP: 31/75 MP: 12/27
 17019 | D:10     | Mangled by a yak

Action                   |  1- 3 |  4- 6 |  7- 9 | 10-12 || total
-------------------------+-------+-------+-------+-------++-------
Melee: Unarmed           |     3 |       |   103 |   119 ||   225
       Short sword       |    30 |    67 |   143 |       ||   240
       Spear             |       |       |    37 |       ||    37
       Flail             |       |       |     4 |     5 ||     9
       Dagger            |       |       |       |    91 ||    91
 Cast: Magic Dart        |    49 |   147 |   405 |   167 ||   768
       Repel Missiles    |     1 |       |     1 |       ||     2
       Conjure Flame     |       |     7 |    20 |    19 ||    46
       Mephitic Cloud    |       |     1 |    30 |    13 ||    44
       Spider Form       |       |       |    16 |    11 ||    27
       Blink             |       |       |    12 |    15 ||    27
       Fulminant Prism   |       |       |       |     4 ||     4
       Venom Bolt        |       |       |       |     2 ||     2
Invok: Channel Energy    |       |       |     4 |     4 ||     8
Evoke: Wand              |       |       |     2 |       ||     2
  Use: Scroll            |       |     6 |     3 |     1 ||    10
 Stab: Sleeping          |     1 |     2 |     3 |     1 ||     7
       Confused          |       |       |     6 |     4 ||    10
       Distracted        |       |       |     1 |       ||     1
  Eat: Chunk             |     7 |    12 |    29 |    15 ||    63
